 Dungeon Crawl Stone Soup version 0.22-a0-433-gd2a9cce (webtiles) character file.

1080 MisterFreud the Slicer (level 8, -12/46 HPs)
             Began as a Kobold Berserker on May 28, 2018.
             Was an Elder of Trog.
             Mangled by an ogre
             ... wielding a +0 giant spiked club
              (25 damage)
             ... on level 5 of the Dungeon.
             The game lasted 00:13:03 (6896 turns).

MisterFreud the Slicer (Kobold Berserker)           Turns: 6896, Time: 00:13:04

Health: -12/46     AC:  4    Str: 16    XL:     8   Next: 55%
Magic:  8/8        EV: 15    Int:  8    God:    Trog [****..]
Gold:   231        SH:  0    Dex: 15    Spells: 7/7 levels left

rFire    . . .     SeeInvis .   v - +0 rapier
rCold    . . .     Gourm    .   (shield restricted)
rNeg     . . .     Faith    .   b - +0 animal skin
rPois    .         Spirit   .   f - +0 helmet
rElec    .         Reflect  .   C - +0 cloak
rCorr    .         Harm     .   (no gloves)
MR       .....                  (no boots)
Stlth    +++.......             (no amulet)
HPRegen  0.15/turn              (no ring)
MPRegen  0.11/turn              (no ring)

@: berserk cooldown, slowed, very slow
A: small, carnivore
a: Berserk, Trog's Hand, Brothers in Arms, Renounce Religion


You were on level 5 of the Dungeon.
You worshipped Trog.
Trog was greatly pleased with you.
You were completely stuffed.

You visited 1 branch of the dungeon, and saw 6 of its levels.

You collected 231 gold pieces.

Inventory:

Hand Weapons
 a - a +0 short sword
 v - a +0 rapier (weapon)
Missiles
 d - 246 stones
 n - 53 arrows
 o - 76 sling bullets
 t - 6 curare-tipped needles
 z - 8 tomahawks of returning (quivered)
 A - 26 poisoned needles
Armour
 b - a +0 animal skin (worn)
 f - a +0 helmet (worn)
 q - a +0 buckler
 y - a +2 shield
 C - a +0 cloak (worn)
Jewellery
 g - an uncursed ring of ice
Wands
 x - a wand of digging (9)
Scrolls
 e - 3 scrolls of blinking {unknown}
 i - 2 scrolls of fog {unknown}
 j - a scroll of amnesia {unknown}
 k - 4 scrolls of identify
 p - a scroll of noise {unknown}
 w - a scroll of random uselessness {unknown}
 D - a scroll of enchant armour {unknown}
 E - a scroll of fear {unknown}
 F - 2 scrolls of magic mapping {unknown}
 H - a scroll of enchant weapon {unknown}
Potions
 h - a potion of might {unknown}
 l - 3 potions of degeneration {unknown}
 m - 2 potions of heal wounds {unknown}
 r - 2 potions of resistance {unknown}
 s - a potion of curing
 u - a potion of berserk rage {unknown}
 B - a potion of flight {unknown}
 G - 2 potions of brilliance
 I - a potion of mutation {unknown}
Comestibles
 c - 6 rations
 J - a chunk of flesh


   Skills:
 - Level 3.2 Fighting
 + Level 11.4 Short Blades
 - Level 1.5 Armour
 - Level 2.4 Dodging
 - Level 6.1 Stealth


You had 7 spell levels left.
You didn't know any spells.
Your spell library was empty.

Dungeon Overview and Level Annotations

Branches:
Dungeon (6/15)             Temple (0/1) D:5

Altars:
Uskayaw

Shops:
D:4 ((

Annotations:
D:5 5 runed doors


Innate Abilities, Weirdness & Mutations

You are small and have problems with some larger weapons.
You are carnivorous and can eat meat at any time.


Message History

This raw flesh tastes great.
Eating one of 2 chunks of flesh.
You eat one of the 2 chunks of flesh.
This raw flesh tastes great.
The orc wizard is too close now for your liking.
An ogre comes into view. It is wielding a giant spiked club.
Things that are here:
a whip; a scale mail; a club The ogre completely misses you.
The ogre hits you with a giant spiked club!
* * * LOW HITPOINT WARNING * * *
You feel better. The ogre closely misses you.
As you read the scroll labeled KOCAOD QOINE, it crumbles to dust.
It is a scroll of identify.
G - 2 potions of brilliance The ogre barely misses you.
The ogre barely misses you. The ogre closely misses you.
The ogre hits you with a giant spiked club!!
Ouch! That really hurt!
You die...

###.......##+##. .##+##..##....##
# ##......#.aa#####...#......#...
###.......#...a#?#..S.#..###...##
.#.##.....#....# #..SS#..# ##.##
..###.....#aa..+++Sa.S#..# #.#
### #.###.##a.a#.#aaa##.## #.#
#.# #..###a#.#S###..# #.### #.#
##...###.###....# #.... #.#
#.....O@....##.# ##### #.#
##..###.######.# #.#####..# #.#
#.# ........# #.# #.# #######.#
#.# #.# ########.###.# #>#
.............######.#
########)#.......##.#
#....)....####.##.#


You could see an ogre.

Vanquished Creatures
  The ghost of azzavlup the Ogre Mage, an amateur OgFE (D:3)
  A sky beast (D:5)
  An orc warrior (D:4)
  A centaur (D:4)
  An ogre (D:4)
  A hound (D:4)
  4 orc priests
  Crazy Yiuf (D:4)
  2 iguanas (D:4)
  4 worker ants
  2 hound skeletons
  Robin (D:2)
  A gnoll (D:1)
  7 adders
  A shadow imp (D:5)
  An ooze (D:2)
  2 adder skeletons
  7 worms
  5 dart slugs
  4 leopard geckos
  9 orcs
  A ball python (D:4)
  2 giant cockroaches (D:3)
  15 goblins
  11 hobgoblins
  4 quokkas
  4 bats
  5 frilled lizards
  9 kobolds
  A leopard gecko zombie (D:5)
  A quokka zombie (D:5)
  9 rats
119 creatures vanquished.

Notes
Turn   | Place    | Note
-------+----------+-------------------------------------------
     0 | D:1      | MisterFreud the Kobold Berserker began the quest for the Orb.
     0 | D:1      | Reached XP level 1. HP: 14/14 MP: 1/1
   284 | D:1      | Reached XP level 2. HP: 19/19 MP: 2/2
   346 | D:1      | Reached skill level 5 in Short Blades
   634 | D:1      | Reached XP level 3. HP: 14/23 MP: 3/3
  1091 | D:2      | Noticed Robin
  1106 | D:2      | Reached skill level 1 in Stealth
  1123 | D:2      | Reached ** piety under Trog
  1136 | D:2      | Reached XP level 4. HP: 17/28 MP: 4/4
  1140 | D:2      | Killed Robin
  1140 | D:2      | Reached skill level 6 in Short Blades
  2066 | D:2      | Reached XP level 5. HP: 32/32 MP: 5/5
  2695 | D:3      | Noticed azzavlup's ghost (amateur OgFE)
  2799 | D:3      | Reached *** piety under Trog
  2979 | D:3      | Found a hide-covered altar of Uskayaw.
  3159 | D:3      | Killed azzavlup's ghost
  3159 | D:3      | Reached skill level 7 in Short Blades
  3159 | D:3      | Reached skill level 5 in Stealth
  3159 | D:3      | Reached XP level 6. HP: 18/37 MP: 6/6
  3838 | D:4      | Noticed an ogre
  3845 | D:4      | Killed an ogre
  3845 | D:4      | Reached skill level 8 in Short Blades
  3845 | D:4      | Reached XP level 7. HP: 41/41 MP: 7/7
  4083 | D:4      | Found Faohir's Antique Weapon Shoppe.
  4362 | D:4      | Reached skill level 9 in Short Blades
  5024 | D:5      | Entered Level 5 of the Dungeon
  5381 | D:4      | Reached XP level 8. HP: 14/46 MP: 8/8
  5663 | D:4      | Found a runed door.
  5667 | D:4      | Noticed Crazy Yiuf
  5673 | D:4      | Killed Crazy Yiuf
  5673 | D:4      | Reached skill level 10 in Short Blades
  5908 | D:4      | Found Zoadde's Antique Weapon Emporium.
  6239 | D:5      | Found the +9 staff of Olgreb {rPois}
  6266 | D:5      | Reached skill level 11 in Short Blades
  6305 | D:5      | Reached **** piety under Trog
  6305 | D:5      | Received a gift from Trog
  6413 | D:5      | Found a runed door.
  6426 | D:5      | Found a runed gate.
  6440 | D:5      | Found a runed gate.
  6440 | D:5      | Found a runed gate.
  6454 | D:5      | Found a runed door.
  6513 | D:5      | Found a staircase to the Ecumenical Temple.
  6886 | D:5      | HP: 1/46 [ogre/giant spiked club (17)]
  6896 | D:5      | Mangled by an ogre

Vault maps used:
D:1:      dpeg_arrival_pits
D:2:      minivault_27, minmay_misc_feat_diagonals, uniq_robin
D:3:      eat_drink_and_be_merry_uskayaw, minmay_checkerbox
D:4:      serial_shops, kennysheep_little_box, shop, uniq_crazy_yiuf_cottage
D:5:      minmay_temple_entry_grid, first_ration, roderic_batcave,
          minmay_guarded_unrand_staff_of_olgreb
D:6:      kennysheep_big_flooded_room, nicolae_tso_besieged_by_evil,
          uniq_eustachio

Skill      XL: |  1  2  3  4  5  6  7  8 |
---------------+-------------------------+-----
Short Blades   | 5 6 7 8 9 11 | 11.4
Stealth        | 1 3 5 6 |  6.1
Fighting       | |  3.2
Armour         | |  1.5
Dodging        | |  2.4

Action                   |  1- 3 |  4- 6 |  7- 9 || total
-------------------------+-------+-------+-------++-------
Melee: Short sword       |    71 |   187 |   141 ||   399
       Rapier            |       |       |    76 ||    76
Invok: Berserk           |     1 |     2 |     7 ||    10
  Use: Potion            |     1 |       |     1 ||     2
       Scroll            |       |       |     1 ||     1
 Stab: Sleeping          |     2 |     9 |     5 ||    16
       Distracted        |       |     1 |       ||     1
  Eat: Chunk             |     1 |    18 |    17 ||    36
Armor: Animal skin       |     9 |    19 |    16 ||    44
Dodge: Dodged            |    43 |    97 |   116 ||   256

Table legend:
 A = Spawn XP
 B = Non-spawn XP
 C = Spawn XP percentage of total XP
 D = Spawn monster count
 E = Non-spawn monster count
 F = Spawn count percentage of total count
 G = Total turns spent on level
                    A         B        C        D         E        F      G
               +---------+---------+-------+---------+---------+-------+---------
         Total |       0 |    1543 |   0.0 |       0 |     119 |   0.0 |  6896
               +---------+---------+-------+---------+---------+-------+---------
           D:1 |       0 |      39 |   0.0 |       0 |      16 |   0.0 |   860
           D:2 |       0 |     131 |   0.0 |       0 |      42 |   0.0 |  1830
           D:3 |       0 |     283 |   0.0 |       0 |      21 |   0.0 |  1386
           D:4 |       0 |     660 |   0.0 |       0 |      21 |   0.0 |  1487
           D:5 |       0 |     430 |   0.0 |       0 |      19 |   0.0 |  1057
               +---------+---------+-------+---------+---------+-------+---------
